 Dungeon Crawl Stone Soup version 0.29-a0-334-gb41bcbb86e (webtiles) character file.

Game seed: 7054482971818683056

31 spaghetti the Ogre Mage (level 3, -2/31 HPs)
             Began as an Ogre Fire Elementalist on Apr 13, 2022.
             Slain by an orc
             ... wielding a +0 club
              (5 damage)
             ... on level 2 of the Dungeon.
             The game lasted 00:02:50 (2760 turns).

spaghetti the Ogre Mage (Ogre Fire Elementalist)    Turns: 2760, Time: 00:02:50

Health: -2/31      AC:  3    Str: 12    XL:     3   Next: 22%
Magic:  1/8        EV:  9    Int: 18    God:
Gold:   73         SH:  0    Dex:  9    Spells: 4/10 levels left

rFire   + . .      SeeInvis .   (no weapon)
rCold   + . .      Faith    .   (no shield)
rNeg    . . .      Spirit   .   a - +0 robe
rPois   +          Reflect  .   (helmet restricted)
rElec   +          Harm     .   (no cloak)
rCorr   +          Rampage  .   (gloves unavailable)
Will    .....                   (boots unavailable)
Stlth   +.........              (no amulet)
HPRegen 0.10/turn               (no ring)
MPRegen 0.11/turn               (no ring)

@: brilliant, resistant
A: large, unfitting armour, tough skin 1
a: no special abilities


You were on level 2 of the Dungeon.
You visited 1 branch of the dungeon, and saw 3 of its levels.

You collected 73 gold pieces.


Innate Abilities, Weirdness & Mutations

You are too large for most types of armour.
You have tough skin. (AC +1)


   Skills:
 - Level 1.7 Dodging
 - Level 1.4 Stealth
 + Level 4.1 Spellcasting
 - Level 0.8 Conjurations
 - Level 2.6 Fire Magic


You had 4 spell levels left.
You knew the following spells:

 Your Spells              Type           Power      Damage    Failure   Level
a - Foxfire               Conj/Fire      60%        2x1d7     7%          1
b - Scorch                Fire           40%        2d7       8%          2
c - Conjure Flame         Conj/Fire      15%        6-21      22%         3

Your spell library contained the following spells:

 Spells                   Type           Power      Damage    Failure   Level
 Inner Flame              Hex/Fire       12%        N/A       26%         3
 Flame Wave               Conj/Fire      15%        2d6       56%         4

Inventory:

Hand Weapons
 d - a +0 club {mace}
   (You took it off a goblin on level 1 of the Dungeon)
 h - a +0 mace {mace}
   (You found it on level 1 of the Dungeon)
 p - a +0 mace {mace}
   (You found it on level 2 of the Dungeon)
 s - a +0 hunting sling {sling}
   (You found it on level 2 of the Dungeon)
 t - a +0 club {mace}
   (You took it off a kobold on level 2 of the Dungeon)
Missiles
 j - 37 stones {throwing}
Armour
 a - a +0 robe (worn)
Scrolls
 c - 2 scrolls of identify {unknown}
 f - 3 scrolls of noise {unknown}
 g - a scroll of vulnerability {unknown}
 m - a scroll of enchant weapon {unknown}
 n - a scroll of teleportation {unknown}
 q - a scroll of magic mapping {unknown}
Potions
 b - a potion of magic
 k - a potion of haste {unknown}
 l - 2 potions of curing {unknown}
 o - a potion of degeneration {unknown}
 r - a potion of berserk rage {unknown}

Dungeon Overview and Level Annotations

Branches:
Dungeon (3/15)

Altars:
Trog

Shops:
D:1

= #.# ####.........#
#.# #.###............#
#.# ...##......####..#
#.# #...'......'..#.^#
#.# ##.##.......#.#..#
#.# ...#######...##..#
#.# #### ###...####..#
#.# ######...### ##oo#
#.# ....#...## #.{@#
#.# ...###...### ##o##
#.# .#.# ###...####.#
#.# .#.#
###...##.##########.#
.#.#
###...####......†.....#
.#.###...###
##############
.#..#...## .#####...###
.# ###...###


You could see an orc wizard and 2 orcs.


Message History

The orc shouts!
The orc wizard shouts!
The orc shouts!
The orc wizard shouts!
You hear a shout!
There is a stone staircase leading up here.
There are monsters nearby!
Unknown command.
Unknown command.
There are monsters nearby!
Casting: Scorch (safe; 8% risk of failure)
Confirm with . or Enter, or press ? or * to list all spells.
You conjure some foxfire!
An orc comes into view. It is wielding a +0 hand axe. 😎 MP[-1]
You lost 1 mp, and now have 7/8 mp.
Casting: Foxfire (safe; 7% risk of failure)
Confirm with . or Enter, or press ? or * to list all spells.
You conjure some foxfire!
The foxfire hits the orc wizard but does no damage.
The foxfire hits the orc wizard.
The orc wizard points at you and mumbles some strange words.
You resist with some effort. 😎 MP[-1]
You lost 1 mp, and now have 6/8 mp.
Casting: Foxfire (safe; 7% risk of failure)
Confirm with . or Enter, or press ? or * to list all spells.
You conjure some foxfire!
The foxfire hits the orc wizard.
The orc wizard hits you with a +0 dagger. 😕 HP[-1] MP[-1]
You take 1 damage, and now have 30/31 hp.
You lost 1 mp, and now have 5/8 mp.
Casting: Foxfire (safe; 7% risk of failure)
Confirm with . or Enter, or press ? or * to list all spells.
You conjure some foxfire!
The foxfire hits the orc wizard. x2
The foxfire hits the orc wizard but does no damage.
The orc wizard barely misses you.
The foxfire hits the orc. 😕 MP[-1]
You lost 1 mp, and now have 4/8 mp.
Casting: Foxfire (safe; 7% risk of failure)
Confirm with . or Enter, or press ? or * to list all spells.
You conjure some foxfire!
The orc wizard mumbles some strange words.
The orc wizard flickers and vanishes!
Deactivating autopickup; reactivate with Ctrl-A. 😕 MP[-1]
You lost 1 mp, and now have 3/8 mp.
Casting: Foxfire (safe; 7% risk of failure)
Confirm with . or Enter, or press ? or * to list all spells.
You conjure some foxfire!
The foxfire hits the orc wizard. x2
The foxfire hits the orc.
The orc hits you with a +0 club. Something hits you.
The orc wizard hits you with a +0 dagger. 😕 HP[-3] MP[-1]
You take 3 damage, and now have 27/31 hp.
You lost 1 mp, and now have 2/8 mp.
Unknown command.
Casting: Foxfire (safe; 7% risk of failure)
Confirm with . or Enter, or press ? or * to list all spells.
Flames lash the orc.
The orc's fire resistance burns away.
You hear some strange, mumbled words.
A puff of flame appears from out of thin air!
The puff of flame hits you! The orc hits you with a +0 club.
The orc wizard casts a spell at you. The puff of flame hits you!
* * * LOW HITPOINT WARNING * * *
😨 HP[-16] MP[-2]
You take 16 damage, and now have 11/31 hp.
MASSIVE DAMAGE!! (PAUSE)
You lost 2 mp, and now have 0/8 mp.
The orc hits you but does no damage. Something hits you.
* * * LOW HITPOINT WARNING * * *
The orc barely misses you.
The orc wizard hits you with a +0 dagger.
* * * LOW HITPOINT WARNING * * *
You climb upwards.
Reactivating autopickup.
There is a stone staircase leading down here. 😱 HP[-4] MP[+1]
You take 4 damage, and now have 7/31 hp.
Unknown command.
Unknown command.
Unknown command.
It was a potion of resistance.
You feel protected.
The orc is no longer more vulnerable to fire.
The orc wizard misses you. The orc hits you with a +0 short sword.
* * * LOW HITPOINT WARNING * * *
Something hits you but does no damage.
Deactivating autopickup; reactivate with Ctrl-A.
The orc barely misses you. 😱 HP[-1]
You take 1 damage, and now have 6/31 hp.
Unknown command.
It was a potion of brilliance.
You feel clever all of a sudden.
The orc wizard hits you but does no damage.
The orc closely misses you.
You hear some strange, mumbled words.
A puff of flame appears from out of thin air!
The puff of flame hits you. You resist.
* * * LOW HITPOINT WARNING * * *
The orc hits you with a +0 club.
You die...

Skill      XL: |  1  2  3 |
---------------+----------+-----
Spellcasting   | 3 4 |  4.1
Dodging        | |  1.7
Stealth        | |  1.4
Conjurations   | |  0.8
Fire Magic     | |  2.6

Action                   || total
-------------------------++-------
Melee: Unarmed           ||    49
 Cast: Foxfire           ||    61
       Scorch            ||     4
  Use: Potion            ||     3
Armor: Robe              ||    40
Dodge: Dodged            ||    50

Levels and vault maps discovered:
D:1:      heliophobic_arrival_glass_houses, layout_loops_corners,
          shapermc_ecumenical_altar_mp_highgroup, serial_shops,
          nicolae_shop_statue_plus, minmay_tromino_i2
D:2:      layout_basic, basic_altar, serial_curves, eino_curves_01,
          eino_curves_03
D:3:      kennysheep_big_flooded_room, layout_loops_ring, slow_altar_2,
          uniq_jessica

Notes
Turn   | Place    | Note
-------+----------+-------------------------------------------
     0 | D:1      | spaghetti the Ogre Fire Elementalist began the quest for
                  | the Orb.
     0 | D:1      | Reached XP level 1. HP: 16/16 MP: 3/3
     0 | D:1      | magus.rc [v1.9.6]
   242 | D:1      | Found Kelois's Jewellery Boutique.
   390 | D:1      | Reached skill level 3 in Spellcasting
   542 | D:1      | Found a faded altar of an unknown god.
   717 | D:1      | Reached XP level 2. HP: 24/24 MP: 3/6
  1324 | D:2      | Found a bloodstained altar of Trog.
  1369 | D:2      | HP: 4/24 [jackal (3)]
  1642 | D:2      | Learned a level 2 spell: Scorch
  2078 | D:2      | Reached XP level 3. HP: 31/31 MP: 6/8
  2082 | D:2      | Learned a level 3 spell: Conjure Flame
  2125 | D:2      | Reached skill level 4 in Spellcasting
  2757 | D:3      | HP: 7/31 [orc wizard/+0 dagger (2)]
  2760 | D:2      | HP: 3/31 [something/puff of flame (3)]
  2760 | D:2      | Slain by an orc

Vanquished Creatures
  A worm (D:2)
  2 endoplasms (D:2)
  A giant cockroach (D:1)
  4 hobgoblins
  4 jackals (D:2)
  4 ball pythons
  4 bats
  3 frilled lizards
  A goblin (D:1)
  A kobold (D:2)
  2 rats
27 creatures vanquished.

Vanquished Creatures (others)
  95 foxfires
95 creatures vanquished.

Grand Total: 122 creatures vanquished

Table legend:
 A = Non-vault XP
 B = Vault XP
 C = Vault XP percentage of total XP
 D = Non-vault monster count
 E = Vault monster count
 F = Vault count percentage of total count
                 A         B        C        D         E       F
            +---------+---------+-------+---------+---------+-------
      Total |      42 |       3 |   6.7 |      25 |       2 |   7.4
            +---------+---------+-------+---------+---------+-------
        D:1 |       9 |       3 |  25.0 |       7 |       2 |  22.2
        D:2 |      33 |       0 |   0.0 |      18 |       0 |   0.0
            +---------+---------+-------+---------+---------+-------

Illustrated notes

Table legend:
 A = Kills in this place as a percentage of kills in entire the game.
 B = Kills by you in this place as a percentage of kills by you in the entire game.
 C = Kills by friends in this place as a percentage of kills by friends in the entire game.
 D = Other kills in this place as a percentage of other kills in the entire game.
 E = Experience gained in this place as a percentage of experience gained in the entire game.
 F = Experience gained in this place divided by the number of levels of this place that you have seen.
                   A       B       C       D       E      F
               +-------+-------+-------+-------+-------+----------------------
         Total | 100.0 | 100.0 |   N/A |   N/A | 100.0 |  15.0
       Dungeon | 100.0 | 100.0 |   N/A |   N/A | 100.0 |  15.0
               +-------+-------+-------+-------+-------+----------------------

Table legend: (Time is in decaauts)
 A = Elapsed time spent in this place.
 B = Non-inter-level travel time spent in this place.
 C = Inter-level travel time spent in this place.
 D = Time resting spent in this place.
 E = Time spent auto-exploring this place.
 F = Levels seen in this place.
 G = Mean time per level.
                   A        B        C        D        E       F      G
               +--------+--------+--------+--------+--------+-----+--------+
         Total |   2760 |   2696 |     64 |    436 |   2001 |   3 |  920.0 |
       Dungeon |   2760 |   2696 |     64 |    436 |   2001 |   3 |  920.0 |
               +--------+--------+--------+--------+--------+-----+--------+

Top non-repeatable levels by time:
     D:2: 1635 daAuts
     D:1: 1116 daAuts
     D:3: 8 daAuts
